 Dungeon Crawl Stone Soup version 0.24-b1-48-gd9db55c (webtiles) character file.

Game seed: 8349017002577494287, levelgen mode: deterministic

17849 Fang the Fighter (level 12, -4/82 HPs)
             Began as a Gargoyle Berserker on Oct 24, 2019.
             Was a High Priest of Trog.
             Slain by a very large slime creature (19 damage)
             ... on level 12 of the Dungeon.
             The game lasted 00:18:08 (10127 turns).

Fang the Fighter (Gargoyle Berserker)              Turns: 10127, Time: 00:18:09

Health: -4/82      AC: 30    Str: 25    XL:     12   Next: 52%
Magic:  0/4        EV: 10    Int:  9    God:    Trog [*****.]
Gold:   656        SH:  0    Dex:  9    Spells: 11/11 levels left

rFire    . . .     SeeInvis .   m - +3 battleaxe (antimagic)
rCold    . . .     Gourm    .   (shield currently unavailable)
rNeg     + . .     Faith    .   b - +1 plate armour
rPois    ∞         Spirit   +   (no helmet)
rElec    +         Reflect  .   d - scarf {Spirit}
rCorr    .         Harm     .   p - +2 pair of gloves
MR       ++...                  (no boots)
Stlth    ..........             (no amulet)
HPRegen  1.23/turn              h - +3 ring of slaying
MPRegen  0.09/turn              y - +3 ring of protection

@: regenerating
A: negative energy resistance 1, electricity resistance, unbreathing,
petrification resistance, rot immunity, AC +8
a: Berserk, Trog's Hand, Brothers in Arms, Renounce Religion


You were on level 12 of the Dungeon.
You worshipped Trog.
Trog was extremely pleased with you.
You were not hungry.

You visited 2 branches of the dungeon, and saw 13 of its levels.

You collected 656 gold pieces.

Inventory:

Hand Weapons
 a - a +2 war axe
 m - a +3 antimagic battleaxe (weapon)
Armour
 b - a +1 plate armour (worn)
 d - a scarf of spirit shield (worn)
 p - a +2 pair of gloves (worn)
Jewellery
 h - a +3 ring of slaying (left hand)
 y - a +3 ring of protection (right hand)
 C - an uncursed ring of protection from cold
Wands
 i - a wand of digging (11)
 t - a wand of random effects (23)
 u - a wand of flame (35)
 B - a wand of disintegration (14)
Scrolls
 e - 4 scrolls of teleportation
 g - a scroll of fear
 j - 3 scrolls of identify
 k - 5 scrolls of remove curse
 n - 2 scrolls of fog
Potions
 f - 3 potions of curing
 l - a potion of brilliance
 o - 4 potions of agility
 q - 2 potions of flight
 r - a potion of magic
 s - a potion of mutation
 v - a potion of berserk rage
 w - a potion of invisibility
 x - a potion of might
 z - 2 potions of lignification
 A - 2 potions of ambrosia {unknown}
Comestibles
 c - 24 rations
 D - 2 chunks of flesh


   Skills:
 * Level 12.6 Fighting
 * Level 10.9 Axes
 + Level 9.7 Armour
 + Level 7.5 Dodging


You had 11 spell levels left.
You didn't know any spells.
Your spell library was empty.

Dungeon Overview and Level Annotations

Branches:
Dungeon (13/15)            Temple (1/1) D:5          Vaults (0/5) D:13
   Lair: D:8-11         Orc: D:9-12

Altars:
Cheibriados
Elyvilon
Fedhas
Kikubaaqudgha
Okawaru
Sif Muna
Trog
Vehumet
Wu Jian
Xom
Yredelemnul

Shops:
D:10 (

Portals:
Ice
Cave: D:12

Annotations:
D:5 exclusion: statue
D:8 2 transporters


Innate Abilities, Weirdness & Mutations

You are resistant to torment.
Your stone body is resilient. (AC +8)
You are immune to poison.
You resist negative energy. (rN+)
You are resistant to electric shocks. (rElec)
You can survive without breathing.
You are immune to petrification.
You are immune to rotting.


Message History

Found a scroll of remove curse.
The white imp gestures at you. The puff of frost hits you!
* * * LOW HITPOINT WARNING * * *
An ogre comes into view. It is wielding a +0 giant spiked club.
The ogre shouts!
Found 13 gold pieces.
The white imp gestures at you.
The puff of frost hits you but does no damage.
Your skin crawls.
You feel resistant to hostile enchantments.
You feel somewhat more hungry.
You slice the ogre!!
The ogre is severely wounded.
You slice the very large slime creature!!
The very large slime creature hits you but does no damage.
The ogre hits you with a +0 giant spiked club.
* * * LOW HITPOINT WARNING * * *
The very large slime creature hits you!!
You die...

#.........
#.........
#$........
#.......
#......
#....#
#.O?.#
#@..#
#J..#
#5..#
#...#
#...#
#...#
#...#
#...######
#.........


You could see a very large slime creature, an ogre and a white imp.

Vanquished Creatures
  A hydra (D:13)
  4 vault guards (D:13)
  A centaur warrior (D:13)
  3 two-headed ogres
  The ghost of sanboga the Cleaver, a journeyman GrBe of Trog (D:8)
  A cyclops (D:13)
  A deep elf mage (D:13)
  An ugly thing (D:13)
  Joseph (D:8)
  A troll (D:13)
  3 meliai (D:13)
  A queen bee (D:13)
  2 slime creatures (D:12)
  A hippogriff (D:13)
  A vampire (D:13)
  A shadow (D:13)
  10 yaks
  3 hogs (D:8)
  A wyvern (D:10)
  2 vampire mosquitoes (D:13)
  A human (D:8)
  Grum (D:8)
  5 sky beasts
  2 water moccasins
  A hornet zombie (D:13)
  2 phantoms
  A black bear (D:10)
  2 necrophages (D:5)
  4 ogres
  An eye of draining (D:13)
  3 wolves (D:8)
  3 centaurs
  A crocodile (D:13)
  Blork the orc (D:6)
  4 bullfrogs
  2 wyvern zombies
  2 scorpions
  A wyvern skeleton (D:10)
  A water moccasin skeleton (D:9)
  14 killer bees (D:13)
  10 wights (D:13)
  A howler monkey (D:9)
  2 crimson imps
  3 quasits
  2 bullfrog zombies (D:5)
  A jelly (D:13)
  3 hounds
  4 centaur skeletons
  2 bullfrog skeletons
  5 orc priests
  4 orc wizards
  2 iguanas (D:8)
  8 worker ants
  A killer bee zombie (D:5)
  A hound zombie (D:9)
  2 hound skeletons
  A worker ant zombie (D:7)
  2 howler monkey skeletons
  3 gnolls (D:10)
  12 adders
  A shadow imp (D:6)
  11 white imps (D:12)
  An ooze (D:3)
  2 adder zombies
  4 adder skeletons
  3 worms
  A dart slug (D:3)
  5 leopard geckos
  34 orcs
  A ball python (D:1)
  9 bats
  3 giant cockroaches
  8 hobgoblins
  7 jackals
  6 quokkas
  A frilled lizard (D:2)
  8 goblins
  A jackal skeleton (D:5)
  7 kobolds
  A leopard gecko zombie (D:7)
  A quokka zombie (D:7)
  12 rats
288 creatures vanquished.

Vanquished Creatures (collateral kills)
  A wyvern (D:13)
1 creature vanquished.

Vanquished Creatures (others)
  A wizard (D:9)
  2 bullfrogs (D:7)
  A hound (D:7)
  A worker ant (D:7)
  A gnoll (D:7)
  An orc (D:7)
7 creatures vanquished.

Grand Total: 296 creatures vanquished

Notes
Turn   | Place    | Note
-------+----------+-------------------------------------------
     0 | D:1      | Fang the Gargoyle Berserker began the quest for the Orb.
     0 | D:1      | Reached XP level 1. HP: 14/14 MP: 1/1
   111 | D:1      | Reached XP level 2. HP: 13/19 MP: 2/2
   660 | D:1      | Reached XP level 3. HP: 23/23 MP: 3/3
   665 | D:1      | Reached ** piety under Trog
  1367 | D:3      | Reached XP level 4. HP: 29/29 MP: 4/4
  1592 | D:3      | Reached skill level 4 in Fighting
  1599 | D:3      | Reached XP level 5. HP: 33/33 MP: 5/5
  1607 | D:3      | Found a snail-covered altar of Cheibriados.
  1930 | D:3      | Found an iron altar of Okawaru.
  1939 | D:3      | Found a white marble altar of Elyvilon.
  2026 | D:3      | You fall into a shaft and drop 2 floors!
  2026 | D:5      | Entered Level 5 of the Dungeon
  2124 | D:5      | Noticed a necrophage
  2133 | D:5      | Reached *** piety under Trog
  2136 | D:5      | Killed a necrophage
  2136 | D:5      | Reached XP level 6. HP: 39/39 MP: 6/6
  2291 | D:5      | Found a staircase to the Ecumenical Temple.
  2298 | D:5      | Noticed a necrophage
  2309 | D:5      | Killed a necrophage
  2340 | Temple   | Entered the Ecumenical Temple
  2425 | D:5      | Reached skill level 5 in Fighting
  2474 | D:5      | Reached XP level 7. HP: 25/44 MP: 7/7
  2765 | D:5      | Found a radiant altar of Vehumet.
  3356 | D:4      | Reached skill level 5 in Armour
  3640 | D:4      | Reached XP level 8. HP: 43/51 MP: 8/8
  3927 | D:4      | Reached skill level 5 in Axes
  3953 | D:4      | Reached skill level 6 in Fighting
  4333 | D:4      | Reached **** piety under Trog
  4610 | D:6      | Noticed Blork the orc
  4619 | D:6      | Killed Blork the orc
  5179 | D:7      | Reached skill level 7 in Fighting
  5340 | D:7      | Found a shimmering altar of Xom.
  5355 | D:7      | Reached XP level 9. HP: 51/57 MP: 9/9
  5391 | D:7      | Found a blossoming altar of Fedhas.
  5391 | D:7      | Found a shimmering blue altar of Sif Muna.
  5396 | D:7      | Found a basalt altar of Yredelemnul.
  5398 | D:7      | Found an ancient bone altar of Kikubaaqudgha.
  5400 | D:7      | Found an ornate altar of the Wu Jian Council.
  5899 | D:8      | Reached skill level 8 in Fighting
  5902 | D:8      | Reached skill level 5 in Dodging
  5954 | D:8      | Reached skill level 9 in Fighting
  5954 | D:8      | Reached XP level 10. HP: 37/66 MP: 6/10
  6107 | D:8      | Noticed Grum
  6119 | D:8      | Killed Grum
  6161 | D:8      | Noticed a two-headed ogre
  6194 | D:8      | Killed a two-headed ogre
  6502 | D:8      | Noticed an orc sorcerer
  6528 | D:8      | Found a transporter.
  6538 | D:8      | Found a transporter.
  6724 | D:8      | Found a runed translucent gate.
  6724 | D:8      | Found a runed translucent gate.
  6724 | D:8      | Found a runed translucent gate.
  6724 | D:8      | Noticed Joseph
  6742 | D:8      | Killed Joseph
  6760 | D:8      | Noticed sanboga's ghost (journeyman GrBe)
  6857 | D:8      | Noticed a kobold demonologist
  6860 | D:8      | Noticed a kobold demonologist
  7342 | D:8      | Killed sanboga's ghost
  7342 | D:8      | Reached skill level 10 in Fighting
  7829 | D:9      | Found a bloodstained altar of Trog.
  7830 | D:9      | Noticed a wizard
  7836 | D:9      | Killed a wizard
  8225 | D:10     | Entered Level 10 of the Dungeon
  8225 | D:10     | Found Qurum's Antique Weapon Shoppe.
  8225 | D:10     | Noticed a two-headed ogre
  8233 | D:10     | Killed a two-headed ogre
  8233 | D:10     | Reached XP level 11. HP: 73/73 MP: 11/11
  8377 | D:10     | Noticed a two-headed ogre
  8385 | D:10     | Killed a two-headed ogre
  8457 | D:10     | Reached skill level 11 in Fighting
  8551 | D:10     | You fall into a shaft and drop 3 floors!
  8551 | D:13     | Noticed a purple ugly thing
  8561 | D:13     | Killed a purple ugly thing
  8561 | D:13     | Reached ***** piety under Trog
  8607 | D:13     | Noticed a cyclops
  8635 | D:13     | Killed a cyclops
  8835 | D:13     | Noticed a vault guard
  8836 | D:13     | Noticed a vault guard
  8836 | D:13     | Noticed a vault guard
  8837 | D:13     | Noticed a vault guard
  8837 | D:13     | Found a gate to the Vaults.
  8837 | D:13     | Noticed a deep elf mage
  8847 | D:13     | Killed a vault guard
  8859 | D:13     | Killed a vault guard
  8863 | D:13     | Killed a vault guard
  8863 | D:13     | Reached skill level 10 in Axes
  8870 | D:13     | Killed a vault guard
  8880 | D:13     | HP: 2/76 [deep elf mage/bolt of cold (23)]
  8885 | D:13     | Killed a deep elf mage
  8885 | D:13     | Reached XP level 12. HP: 11/81 MP: 2/12
  9015 | D:13     | Reached skill level 12 in Fighting
  9110 | D:13     | Noticed a centaur warrior
  9119 | D:13     | Killed a centaur warrior
  9342 | D:13     | Noticed a seven-headed hydra
  9357 | D:13     | Killed a 14-headed hydra
  9357 | D:13     | Received a gift from Trog
  9683 | D:13     | Found an iron altar of Okawaru.
 10073 | D:12     | Found a frozen archway.
 10127 | D:12     | Slain by a very large slime creature

Skill      XL: |  1  2  3  4  5  6  7  8  9 10 11 12 |
---------------+-------------------------------------+-----
Axes           | 3 4 6 7 9 10 | 10.9
Dodging        | 2 3 4 5 6 7 |  7.5
Armour         | 3 4 5 6 7 8 9 |  9.7
Fighting       | 4 5 7 9 10 11 12 | 12.6

Action                   |  1- 3 |  4- 6 |  7- 9 | 10-12 || total
-------------------------+-------+-------+-------+-------++-------
Melee: Hand axe          |   113 |   142 |    78 |       ||   333
       War axe           |       |       |   208 |   389 ||   597
       Battleaxe         |       |       |       |    96 ||    96
Invok: Berserk           |     1 |     3 |     2 |     9 ||    15
       Trog's Hand       |       |       |       |     6 ||     6
       Brothers in Arms  |       |       |       |     2 ||     2
  Use: Scroll            |       |       |    21 |     5 ||    26
       Potion            |       |       |       |     3 ||     3
  Eat: Chunk             |     2 |     6 |    14 |    16 ||    38
       Ration            |       |       |       |     3 ||     3
Armor: Animal skin       |    19 |       |       |       ||    19
       Chain mail        |    27 |       |       |       ||    27
       Plate armour      |    13 |    98 |   285 |   562 ||   958
Dodge: Dodged            |    66 |    72 |   138 |   332 ||   608
